 Dungeon Crawl Stone Soup version 0.21.1-1-g345015f (webtiles) character file.

1400 Kiryusha the Thaumaturge (level 8, -7/47 HPs)
             Began as a Deep Elf Ice Elementalist on Feb 15, 2018.
             Was an Initiate of Vehumet.
             Engulfed by a cloud of foul pestilence (15 damage)
             ... in the Ecumenical Temple.
             The game lasted 00:38:22 (5977 turns).

Kiryusha the Thaumaturge (DEIE)                     Turns: 5977, Time: 00:38:23

Health: -7/47      AC:  5    Str:  9    XL:     8   Next: 41%
Magic:  20/26      EV: 13    Int: 26    God:    Vehumet [......]
Gold:   178        SH:  0    Dex: 15    Spells: 10/31 levels left

rFire    . . .     SeeInvis .   q - +0 flail (protect)
rCold    + . .     Gourm    +   (no shield)
rNeg     + . .     Faith    .   a - +0 robe
rPois    .         Spirit   .   (no helmet)
rElec    .         Reflect  .   y - +1 cloak {MR+}
rCorr    .         Harm     .   (no gloves)
MR       ++...                  p - +0 pair of boots
Stlth    ++........             j - amulet of the gourmand
HPRegen  0.15/turn              r - ring of wizardry
MPRegen  0.20/turn              S - ring "Caenud" {rC+ rN+ MR+ Str+4 Int+3}

@: lethally poisoned (-7 -> -57), very slightly contaminated, slowed, very slow
A: no striking features
a: Renounce Religion


You were in the Ecumenical Temple.
You worshipped Vehumet.
Vehumet was noncommittal.
You were completely stuffed.

You visited 2 branches of the dungeon, and saw 7 of its levels.

You collected 178 gold pieces.

Inventory:

Hand Weapons
 h - a +0 short sword
 q - a +0 flail of protection (weapon)
 s - a +4 hand axe
 x - a +3 quarterstaff of chaos
 A - a +1 halberd of protection
 C - a cursed -3 dagger
 F - a +2 dagger of pain
 G - a +2 flail of protection
 K - a +4 dagger
Armour
 a - a +0 robe (worn)
 m - a +0 leather armour
 p - a +0 pair of boots (worn)
 y - a +1 cloak of magic resistance (worn)
 B - a +0 leather armour
Jewellery
 j - an amulet of the gourmand (around neck)
 r - a ring of wizardry (left hand)
 z - an uncursed ring of see invisible
 D - an uncursed ring of ice
 L - an uncursed amulet of regeneration {unknown}
 S - the ring "Caenud" (right hand) {rC+ rN+ MR+ Str+4 Int+3}
   (You found it on level 6 of the Dungeon)

   [ring of protection from cold]

   It affects your strength (+4).
   It affects your intelligence (+3).
   It protects you from cold.
   It protects you from negative energy.
   It affects your resistance to hostile enchantments.
Wands
 N - a wand of paralysis (3)
Scrolls
 e - 4 scrolls of identify
 f - a scroll of magic mapping {unknown}
 g - 6 scrolls of remove curse
 o - 4 scrolls of teleportation {unknown}
 t - 2 scrolls of enchant armour {unknown}
 u - a scroll of immolation {unknown}
 w - a scroll of fear {unknown}
 E - a scroll of blinking {unknown}
 O - 3 scrolls of fog {unknown}
Potions
 d - 2 potions of curing
 i - 2 potions of heal wounds {unknown}
 k - 3 potions of flight {unknown}
 l - 2 potions of lignification {unknown}
 n - a potion of haste {unknown}
 v - a potion of degeneration {unknown}
 I - a potion of berserk rage {unknown}
 M - a potion of might {unknown}
 P - a potion of cancellation {unknown}
 Q - a potion of ambrosia {unknown}
 R - a potion of brilliance {unknown}
Books
 b - a book of Frost

   Spells                             Type                      Level
   a - Freeze                         Ice                          1
   b - Throw Frost                    Conjuration/Ice              2
   c - Ozocubu's Armour               Charms/Ice                   3
   d - Throw Icicle                   Conjuration/Ice              4
   e - Summon Ice Beast               Ice/Summoning                4
 H - Kikubaaqudgha's Volume of Black Secrets
   (Kikubaaqudgha gifted it to you on level 4 of the Dungeon)

   Spells                             Type                      Level
   a - Animate Skeleton               Necromancy                   1
   b - Pain                           Necromancy                   1
   c - Sublimation of Blood           Necromancy                   2
   d - Vampiric Draining              Necromancy                   3
Comestibles
 c - 14 rations


   Skills:
 + Level 3.6 Fighting
 - Level 0.1 Short Blades
 - Level 2.4 Dodging
 - Level 2.4 Stealth
 - Level 12.0 Spellcasting
 - Level 1.2 Conjurations
 - Level 1.0 Charms
 - Level 0.4 Summonings
 - Level 3.4 Ice Magic


You had 10 spell levels left.
You knew the following spells:

 Your Spells              Type           Power        Failure   Level  Hunger
a - Freeze                Ice            ####         1%          1    None
b - Throw Frost           Conj/Ice       ####..       1%          2    None
c - Ozocubu's Armour      Chrm/Ice       ####....     1%          3    None
d - Throw Icicle          Conj/Ice       ####....     6%          4    None
e - Summon Ice Beast      Ice/Summ       ####....     7%          4    None
f - Animate Skeleton      Necr           N/A          1%          1    None
g - Pain                  Necr           ###.         1%          1    None
h - Sublimation of Blood  Necr           ###.......   2%          2    None
i - Vampiric Draining     Necr           ###.......   4%          3    None


Dungeon Overview and Level Annotations

Branches:
Dungeon (6/15)             Temple (1/1) D:6

Altars:
Ashenzari
Dithmenos
Hepliaklqana
Kikubaaqudgha
Nemelex Xobeh
Okawaru
Qazlal
Ru
Sif Muna
Trog
Vehumet
The Shining One

Shops:
D:4 (


Message History

The orc wizard flickers and vanishes!
Deactivating autopickup; reactivate with Ctrl-A.
You feel better.
You are engulfed in dark miasma.
You are lethally poisoned!
* * * LOW HITPOINT WARNING * * *
x2 You feel sick.
The orc warrior misses you.
You feel better.
You are engulfed in dark miasma.
You are lethally poisoned!
You feel yourself slow down.
* * * LOW HITPOINT WARNING * * *
You feel very sick.
The orc wizard skeleton closely misses you.
The orc warrior skeleton hits you but does no damage.
The orc warrior completely misses you.
As you read the scroll labeled FEXOLU GAARCHICS, it crumbles to dust.
It is a scroll of identify.
g - 6 scrolls of remove curse You are engulfed in dark miasma.
You are more poisoned.
You die...

###############
#.............#
+.............+
#.............#
#......{o.o...##
.....#o#......##
... ##.##...o..###
. #Z@Y####.o...##
#Z§Z# ##o....##+##
#.._..# .#........#
##...##
_.##o......# #...#
P.. #.o.....#
##.##..####......##
#######.###....##
##.....##..#.##
#..._...'.#...#


You could see an orc warrior, an orc wizard, a gnoll sergeant skeleton, an orc
warrior skeleton, an orc wizard skeleton and a friendly ice beast.

Vanquished Creatures
  Edmund (D:4)
  A phantom (D:6)
  A bullfrog (D:6)
  Dowan (D:4)
  2 scorpions
  A crimson imp (D:5)
  2 hounds
  2 iguanas (D:4)
  An orc wizard (D:5)
  4 worker ants
  Natasha (D:3)
  3 gnolls
  11 adders
  A worm (D:2)
  2 dart slugs (D:2)
  A leopard gecko (D:2)
  4 orcs
  A ball python (D:2)
  7 bats
  3 giant cockroaches
  7 goblins
  4 hobgoblins
  A quokka (D:4)
  4 frilled lizards
  2 kobolds (D:3)
  5 rats
73 creatures vanquished.

Vanquished Creatures (collateral kills)
  A wyvern (D:6)
  Duvessa (D:4)
  Purgy (D:4)
  3 ogres
  Blork the orc (D:4)
  A bullfrog zombie (D:5)
  3 orc wizards
  2 orc priests (D:5)
  A centaur skeleton (D:2)
  Ijyb (D:5)
  Jessica (D:3)
  Crazy Yiuf (D:3)
  Natasha (D:3)
  4 gnolls
  8 orcs
  3 giant cockroaches
33 creatures vanquished.

Grand Total: 106 creatures vanquished

Notes
Turn   | Place    | Note
-------+----------+-------------------------------------------
     0 | D:1      | Kiryusha the Deep Elf Ice Elementalist began the quest for the Orb.
     0 | D:1      | Reached XP level 1. HP: 10/10 MP: 6/6
   383 | D:1      | Reached XP level 2. HP: 14/15 MP: 3/8
   391 | D:1      | Learned a level 2 spell: Throw Frost
   559 | D:1      | Reached skill level 4 in Spellcasting
   821 | D:2      | Reached XP level 3. HP: 14/19 MP: 3/11
  1001 | D:2      | Reached skill level 5 in Spellcasting
  1316 | D:2      | Learned a level 3 spell: Ozocubu's Armour
  1464 | D:2      | Reached XP level 4. HP: 14/24 MP: 4/13
  1488 | D:2      | Learned a level 4 spell: Throw Icicle
  1493 | D:2      | Learned a level 4 spell: Summon Ice Beast
  1592 | D:2      | Reached skill level 6 in Spellcasting
  1962 | D:2      | Found a deep blue altar of Sif Muna.
  2204 | D:3      | Noticed Natasha
  2208 | D:3      | Killed Natasha
  2331 | D:3      | Noticed Natasha
  2338 | D:3      | Killed Natasha
  2338 | D:3      | Reached XP level 5. HP: 28/28 MP: 12/16
  2365 | D:3      | Noticed Jessica
  2370 | D:3      | Killed Jessica
  2412 | D:3      | Reached skill level 7 in Spellcasting
  2518 | D:3      | Found a runed door.
  2522 | D:3      | Noticed Crazy Yiuf
  2529 | D:3      | Killed Crazy Yiuf
  2529 | D:3      | Reached skill level 1 in Charms
  2707 | D:4      | Found a faded altar of an unknown god.
  2707 | D:4      | Found a sacrificial altar of Ru.
  2712 | D:4      | Found a faded altar of an unknown god.
  2714 | D:4      | Found a glowing golden altar of the Shining One.
  2715 | D:4      | Found a shattered altar of Ashenzari.
  2720 | D:4      | Reached skill level 8 in Spellcasting
  2772 | D:4      | Reached XP level 6. HP: 32/32 MP: 4/19
  2917 | D:4      | Noticed Duvessa
  2940 | D:4      | Killed Duvessa
  3279 | D:4      | Reached skill level 9 in Spellcasting
  3423 | D:4      | Noticed Purgy
  3466 | D:4      | Killed Purgy
  3498 | D:4      | Found an iron altar of Okawaru.
  3513 | D:4      | Noticed Blork the orc
  3529 | D:4      | Killed Blork the orc
  3529 | D:4      | Reached XP level 7. HP: 36/36 MP: 15/22
  3611 | D:4      | Noticed Dowan
  3625 | D:4      | Killed Dowan
  3625 | D:4      | Reached skill level 10 in Spellcasting
  3759 | D:4      | Found a bloodstained altar of Trog.
  3794 | D:4      | Found Issuwyck's Weapon Shop.
  3886 | D:4      | Noticed Edmund
  3904 | D:4      | Killed Edmund
  4029 | D:4      | Became a worshipper of Nemelex Xobeh the Trickster
  4029 | D:4      | Received a gift from Nemelex Xobeh
  4029 | D:4      | Reached * piety under Nemelex Xobeh
  4038 | D:4      | Fell from the grace of Nemelex Xobeh
  4038 | D:4      | Became a worshipper of Kikubaaqudgha
  4038 | D:4      | Reached * piety under Kikubaaqudgha
  4038 | D:4      | Identified Kikubaaqudgha's Volume of Black Secrets (Kikubaaqudgha gifted it to you on level 4 of the Dungeon)
  4038 | D:4      | Received a gift from Kikubaaqudgha
  4116 | D:4      | Learned a level 1 spell: Animate Skeleton
  4118 | D:4      | Learned a level 1 spell: Pain
  4121 | D:4      | Learned a level 2 spell: Sublimation of Blood
  4125 | D:4      | Learned a level 3 spell: Vampiric Draining
  4126 | D:5      | Entered Level 5 of the Dungeon
  4299 | D:5      | Reached skill level 11 in Spellcasting
  4527 | D:5      | Noticed Ijyb
  4533 | D:5      | Paralysed by Ijyb for 3 turns
  4541 | D:5      | Killed Ijyb
  4676 | D:5      | Found a bloodstained altar of Trog.
  4703 | D:5      | Reached skill level 12 in Spellcasting
  4703 | D:5      | Reached XP level 8. HP: 41/41 MP: 18/26
  5218 | D:6      | Reached skill level 1 in Fighting
  5730 | D:6      | Reached ** piety under Kikubaaqudgha
  5803 | D:6      | Got a pitted amber ring
  5824 | D:6      | Identified the ring "Caenud" {rC+ rN+ MR+ Str+4 Int+3} (You found it on level 6 of the Dungeon)
  5890 | D:6      | Found a staircase to the Ecumenical Temple.
  5900 | Temple   | Entered the Ecumenical Temple
  5919 | Temple   | Fell from the grace of Kikubaaqudgha
  5919 | Temple   | Became a worshipper of Vehumet
  5974 | Temple   | HP: 1/46 [poison (dark miasma)]
  5977 | Temple   | Engulfed by a cloud of foul pestilence

Skill      XL: |  1  2  3  4  5  6  7  8 |
---------------+-------------------------+-----
Spellcasting   | 4 5 6 8 9 12 | 12.0
Charms         | 1 |  1.0
Fighting       | 3 |  3.6
Short Blades   | |  0.1
Dodging        | |  2.4
Stealth        | |  2.4
Conjurations   | |  1.2
Summonings     | |  0.4
Ice Magic      | |  3.4

Action                   |  1- 3 |  4- 6 |  7- 9 || total
-------------------------+-------+-------+-------++-------
Melee: Unarmed           |     1 |       |       ||     1
       Short sword       |       |     4 |       ||     4
       Flail             |       |       |     3 ||     3
 Cast: Freeze            |    50 |    43 |    31 ||   124
       Throw Frost       |     1 |    11 |    16 ||    28
       Ozocubu's Armour  |     1 |     7 |     6 ||    14
       Summon Ice Beast  |       |    15 |    20 ||    35
       Throw Icicle      |       |     1 |     7 ||     8
       Animate Skeleton  |       |       |     7 ||     7
  Use: Potion            |       |       |     2 ||     2
       Scroll            |       |       |     1 ||     1
  Eat: Chunk             |    12 |    10 |     7 ||    29
Armor: Robe              |    12 |    13 |     7 ||    32
Dodge: Dodged            |    24 |    19 |    33 ||    76
